 Dungeon Crawl Stone Soup version 0.31-a0-38-g1548c4f2a5 (webtiles) character file.

Game seed: 9940698845065050625

50 pk666 the Firebug (level 3, -1/19 HPs)
             Began as a Deep Elf Fire Elementalist on May 16, 2023.
             Slain by a gnoll
             ... wielding a +5 spear
              (7 damage)
             ... on level 3 of the Dungeon.
             The game lasted 00:02:27 (2137 turns).

pk666 the Firebug (Deep Elf Fire Elementalist)      Turns: 2137, Time: 00:02:29

Health: -1/19      AC:  2    Str:  5    XL:     3   Next: 55%
Magic:  5/10       EV: 13    Int: 21    God:
Gold:   128        SH:  0    Dex: 15    Spells: 6/9 levels left

rFire   . . .        (no weapon)
rCold   . . .        (no shield)
rNeg    . . .        a - +0 robe
rPois   .            (no helmet)
rElec   .            (no cloak)
rCorr   .            (no gloves)
SInv    .            (no boots)
Will    .....        (no amulet)
Stlth   ++           (no ring)
HPRegen 0.23/turn    (no ring)
MPRegen 0.12/turn

%: no passive effects
@: very slightly contaminated
A: no striking features
a: no special abilities


You were on level 3 of the Dungeon.
You visited 1 branch of the dungeon, and saw 3 of its levels.

You collected 128 gold pieces.

Inventory:

Armour
 a - a +0 robe (worn)
Scrolls
 c - 3 scrolls of teleportation {unknown}
 d - 2 scrolls of identify {unknown}
 e - a scroll of enchant armour {unknown}
 f - 3 scrolls of blinking {unknown}
 i - 2 scrolls of fear {unknown}
 k - a scroll of amnesia {unknown}
 l - a scroll of summoning {unknown}
 m - a scroll of noise {unknown}
 n - a scroll of immolation {unknown}
Potions
 b - a potion of magic
 g - 2 potions of heal wounds {unknown}
 h - a potion of curing {unknown}
 j - a potion of might {unknown}


   Skills:
 + Level 3.1 Dodging
 - Level 2.4 Stealth
 + Level 3.7 Spellcasting
 + Level 2.1 Conjurations
 + Level 3.8 Fire Magic


You had 6 spell levels left.
You knew the following spells:

 Your Spells              Type           Power      Damage    Failure   Level
a - Foxfire               Conj/Fire      64%        2x1d7     3%          1
b - Scorch                Fire           40%        2d7       3%          2

Your spell library contained the following spells:

 Spells                   Type           Power      Damage    Failure   Level
 Freeze                   Ice            12%        1d3       12%         1
 Inner Flame              Hex/Fire       11%        N/A       17%         3
 Volatile Blastmotes      Fire/Tloc      22%        2d11      17%         3
 Ensorcelled Hibernation  Hex/Ice        6%         N/A       19%         2
 Hailstorm                Conj/Ice       8%         3d4       24%         3
 Flame Wave               Conj/Fire      16%        2d7       34%         4
 Frozen Ramparts          Ice            6%         1d1       36%         3
 Spider Form              Tmut/Pois      3%         N/A       36%         3
 Anguish                  Hex/Necr       1%         N/A       77%         4
 Manifold Assault         Tloc           3%         N/A       77%         4
 Dispersal                Tloc           1%         N/A       100%        6
 Disjunction              Tloc           1%         N/A       100%        8


Dungeon Overview and Level Annotations

Branches:
Dungeon (3/15)

Altars:


Message History

Magic restored.
Found 5 stones.
Found an escape hatch in the floor.
c - 3 scrolls labelled SUTSAU JULOBORCH (gained 1)
Found a short sword.
You now have 123 gold pieces (gained 10).
You now have 128 gold pieces (gained 5).
Found a stone staircase leading down.
Found a stone staircase leading up.
A gnoll comes into view. It is wielding a +5 spear.
A gnoll is nearby!
Casting: Foxfire (safe; 3% risk of failure)
Confirm with . or Enter, or press ? or * to list all spells.
You conjure some foxfire!
The gnoll shouts!
You hear a shout! x2
The foxfire hits the gnoll.
The gnoll is lightly wounded.
The foxfire hits the gnoll but does no damage.
The gnoll is lightly wounded.
Casting: Foxfire (safe; 3% risk of failure)
Confirm with . or Enter, or press ? or * to list all spells.
You conjure some foxfire!
The foxfire hits the gnoll.
The gnoll is moderately wounded.
The foxfire hits the gnoll.
The gnoll is moderately wounded.
Casting: Foxfire (safe; 3% risk of failure)
Confirm with . or Enter, or press ? or * to list all spells.
You miscast Foxfire.
You are very lightly contaminated with residual magic.
Nothing appears to happen.
The gnoll hits you from afar with a +5 spear!
Ouch! That really hurt!
You are too injured to fight recklessly!
Casting: Foxfire (safe; 3% risk of failure)
Confirm with . or Enter, or press ? or * to list all spells.
Flames lash the gnoll.
The gnoll is heavily wounded.
The gnoll's fire resistance burns away.
The gnoll hits you from afar with a +5 spear!
You die...

.....# #..........
#.....# #.........# .
#..[..# #.........# .
#.....# #.........# .#
##.....# #......<..#
..##......# #....g....#
..........# #.........#
......### #..@.......
........######..........
.####...<...............
. ##.####...##........
##..#...####.###....
#......#####........
......###..............#
###### #.......#......>
#.......#......#


You could see a gnoll (combustible).

Vanquished Creatures
  An adder (D:2)
  3 worms (D:2)
  4 bats
  7 endoplasms
  A giant cockroach (D:2)
  4 goblins
  A hobgoblin (D:2)
  4 kobolds
  A quokka (D:1)
  2 ball pythons (D:1)
  A frilled lizard (D:2)
  2 rats
31 creatures vanquished.

Vanquished Creatures (others)
  132 foxfires
132 creatures vanquished.

Grand Total: 163 creatures vanquished

Notes
Turn   | Place    | Note
-------+----------+-------------------------------------------
     0 | D:1      | pk666 the Deep Elf Fire Elementalist began the quest for
                  | the Orb.
     0 | D:1      | Reached XP level 1. HP: 10/10 MP: 6/6
   378 | D:1      | Reached XP level 2. HP: 15/15 MP: 5/8
   409 | D:1      | Learned a level 2 spell: Scorch
   915 | D:2      | Found a faded altar of an unknown god.
  1077 | D:2      | Reached XP level 3. HP: 19/19 MP: 3/10
  2137 | D:3      | Slain by a gnoll

Illustrated notes

Levels and vault maps discovered:
D:1:      minmay_arrival_split_and_join, layout_basic, minmay_misc_feat_pillars,
          minivault_14
D:2:      layout_basic, ebering_ecumenical_altar_rust
D:3:      layout_rooms, uniq_robin

Skill      XL: |  1  2  3 |
---------------+----------+-----
Dodging        | 3 |  3.1
Conjurations   | 2 |  2.1
Stealth        | |  2.4
Spellcasting   | |  3.7
Fire Magic     | |  3.8

Action                     || total
---------------------------++-------
   Cast: Foxfire           ||    79
         Scorch            ||     7
  Dodge: Dodged            ||     1

Table legend: (Time is in decaauts)
 A = Elapsed time spent in this place.
 B = Non-inter-level travel time spent in this place.
 C = Inter-level travel time spent in this place.
 D = Time resting spent in this place.
 E = Time spent auto-exploring this place.
 F = Levels seen in this place.
 G = Mean time per level.
                   A        B        C        D        E       F      G
               +--------+--------+--------+--------+--------+-----+--------+
         Total |   2136 |   2068 |     68 |     54 |   1766 |   3 |  712.0 |
       Dungeon |   2136 |   2068 |     68 |     54 |   1766 |   3 |  712.0 |
               +--------+--------+--------+--------+--------+-----+--------+

Top non-repeatable levels by time:
     D:2: 1203 daAuts
     D:1: 860 daAuts
     D:3: 72 daAuts
